Cogmind - Beta 17 @@@ ROGUE MODE // 2026.08.01 @ 17:19:48 Player: LJ Result: Self-destructed Performance ------------- Evolutions (1) 500 Regions Visited (3) 600 Robots Destroyed (11) 55 Value Destroyed (328) 328 Prototype IDs (0) 0 Alien Tech Used (0) 0 Bonus (0) 0 TOTAL SCORE: 1483 Bonus ------- None Cogmind --------- Core Integrity 394/400 Matter 166/300 Energy 111/125 System Corruption 0% Temperature Cool (22) Movement Walking (120) Location -9/Materials Parts ------- > --- POWER (2) -------- Light Ion Engine > --- PROPULSION (3) --- Carbon-fiber Leg Carbon-fiber Leg Carbon-fiber Leg > --- UTILITY (2) ------ Targeting Computer Targeting Computer > --- WEAPON (2) ------- Shock Rifle Shock Rifle > --- INVENTORY (5) ---- Aluminum Leg Aluminum Leg Peak State ------------ > --- POWER ------------ Light Ion Engine > --- PROPULSION ------- Carbon-fiber Leg Carbon-fiber Leg Carbon-fiber Leg > --- UTILITY ---------- Small Storage Unit Tractor Beam > --- WEAPON ----------- Shock Rifle Shock Rifle > --- INVENTORY -------- Aluminum Leg Aluminum Leg [Rating: 18] Favorites ----------- Power Light Ion Engine Engine Light Ion Engine Propulsion Aluminum Leg Leg Aluminum Leg Utility Small Storage Unit Device Tractor Beam Storage Small Storage Unit Processor Targeting Computer Weapon Assault Rifle Energy Gun EM Pulse Gun Ballistic Gun Assault Rifle Launcher Grenade Launcher Build | -11 -10 -10 -9 ------- Run | Yrd Mat Min Mat Slots Evolved 2 | . . . 2 Power 1 | . . . 1 Propulsion 1 | . . . 1 Utility . | . . . . Weapon . | . . . . Parts Attached 16 | 6 2 1 7 Power 2 | 1 1 . . Engine 2 | 1 1 . . Core . | . . . . Reactor . | . . . . Propulsion 5 | 2 . . 3 Treads . | . . . . Leg 5 | 2 . . 3 Wheel . | . . . . Hover . | . . . . Flight . | . . . . Utility 4 | 1 1 . 2 Device 1 | . 1 . . Storage 1 | 1 . . . Processor 2 | . . . 2 Hackware . | . . . . Protection . | . . . . Artifact . | . . . . Weapon 5 | 2 . 1 2 Energy Gun 3 | 1 . . 2 Energy Cannon . | . . . . Ballistic Gun 1 | 1 . . . Ballistic Cannon . | . . . . Launcher 1 | . . 1 . Special Weapon . | . . . . Impact Weapon . | . . . . Slashing Weapon . | . . . . Piercing Weapon . | . . . . Special Melee Weapon . | . . . . Unidentified Prototypes . | . . . . Parts Lost . | . . . . Power . | . . . . Propulsion . | . . . . Utility . | . . . . Weapon . | . . . . Highest Loss Streak . | . . . . To Critical Strikes . | . . . . Average Backups . | . . . . Power . | . . . . Propulsion . | . . . . Utility . | . . . . Weapon . | . . . . Tool/Special . | . . . . Unused Backups . | . . . . Power . | . . . . Propulsion . | . . . . Utility . | . . . . Weapon . | . . . . Tool/Special . | . . . . Average Slot Usage (%) 92 | . 95 100 81 Engine 13 | . 14 14 11 Leg 27 | . 28 28 26 Device 10 | . 9 14 9 Storage 12 | . 14 14 9 Energy Gun 11 | . 14 6 10 Ballistic Gun 11 | . 14 14 6 Launcher 3 | . . 7 5 Peak Build Rating 18 | 6 7 7 18 Average Rating 7 | 4 6 7 12 On Entrance 5 | . 6 7 7 Avg Prop Armor Cover (%) . | . . . . Naked Turns . | . . . . Heaviest Build 15 | 14 15 14 15 Greatest Support 45 | 20 20 20 45 Greatest Overweight (x) . | . . . . Average Overweight (x) . | . . . . Largest Inventory Capacity 8 | 8 8 8 8 Average Capacity 7 | 7 8 8 7 Most Carried 2 | . 1 1 2 Average Carried . | . . . . Final Capacity 8 | 8 8 8 5 Final Carried 2 | . 1 . 2 Class Distribution -------------------- 100% | Mutant Dominant Class ---------------- Mutant | -10/Materials Mutant | -10/Mines Mutant | -9/Materials Resources | -11 -10 -10 -9 ----------- Run | Yrd Mat Min Mat Matter Collected 397 | 173 122 87 15 Remotely 113 | . 35 63 15 Salvage Created 340 | . 145 110 85 Parts 21 | . 7 6 8 Haulers Intercepted . | . . . . Recyclers Shooed . | . . . . Parts Field Recycled . | . . . . Retrieved Matter . | . . . . Parts Self-Destructed . | . . . . Prevented . | . . . . Parts Restored . | . . . . Kills | -11 -10 -10 -9 ------- Run | Yrd Mat Min Mat Combat Hostiles Destroyed 7 | . 2 2 3 Guns 2 | . 1 1 . AOE 5 | . 1 1 3 Classes Destroyed 5 | . 2 2 1 Worker 2 | . 1 1 . Builder 1 | . . 1 . Recycler 1 | . . 1 . Grunt 6 | . 2 2 2 Sentry 1 | . . . 1 Best Kill Streak 5 | . 3 5 2 Combat Bots Only 2 | . 2 2 2 Max Kills in Single Turn 2 | . 2 2 1 Gunslinging . | . . . . Exploded 1 | . 1 1 1 Melee . | . . . . Uniques/NPCs Destroyed . | . . . . Combat | -11 -10 -10 -9 -------- Run | Yrd Mat Min Mat Hostile Shots Fired 30 | . 5 9 16 Missed 12 | . 1 4 7 Hits 18 | . 4 5 9 Projectile 18 | . 4 5 9 Damage Taken 452 | . 95 243 114 Core 90 | . 53 31 6 Absorbed by Shields . | . . . . Core Remaining (%) 83 | 100 . 66 . Volleys Fired 18 | . 5 7 6 Largest 2 | . 2 2 2 Hottest 100 | . 60 50 100 Shots Fired 36 | . 10 14 12 Gun 24 | . 10 7 7 Cannon . | . . . . Launcher 12 | . . 7 5 Special . | . . . . Kinetic 17 | . 5 7 5 Thermal . | . . . . Explosive 12 | . . 7 5 Electromagnetic 7 | . 5 . 2 Robot Hit Streak 11 | . 10 11 5 Robot Miss Streak 2 | . . 2 2 Penetration Max . | . . . . Secondary Targets . | . . . . Shots Hit Robots 25 | . 10 8 7 Core Hits 21 | . 6 8 7 Critical Kills . | . . . . Critical Parts Destroyed . | . . . . Critical Strikes . | . . . . Melee Attacks . | . . . . Impact . | . . . . Slashing . | . . . . Piercing . | . . . . Sneak Attacks . | . . . . Combat Hostiles . | . . . . Follow-up Attacks . | . . . . Damage Inflicted 869 | . 182 380 307 Guns 231 | . 123 52 56 Cannons . | . . . . Explosions 638 | . 59 328 251 Melee . | . . . . Ramming . | . . . . Kinetic 124 | . 46 52 26 Thermal 126 | . 59 . 67 Explosive 512 | . . 328 184 Electromagnetic 107 | . 77 . 30 Impact . | . . . . Slashing . | . . . . Piercing . | . . . . Highest Corruption . | . . . . Average Corruption . | . . . . Corruption Purged . | . . . . Corruption Blocked . | . . . . Overload Shots . | . . . . Overflow Damage . | . . . . Projectiles . | . . . . Explosions . | . . . . Melee . | . . . . Knockbacks . | . . . . Impact . | . . . . Kinetic . | . . . . Secondary . | . . . . Self-Inflicted Damage 236 | . 36 166 34 Shots 8 | . 1 6 1 Rammed . | . . . . Targets Rammed . | . . . . Kicked . | . . . . Crushed . | . . . . Highest Temperature 45 | . 45 8 42 Average Temperature 17 | . 23 4 29 Received Heat Transfer 96 | . 33 45 18 Siege Activations . | . . . . Martial Activations . | . . . . Shielding Activations . | . . . . Robots Disrupted . | . . . . Combat Hostiles . | . . . . Robots Corrupted . | . . . . Combat Hostiles . | . . . . Parts Fried . | . . . . Impact Corruptions . | . . . . Robots Melted . | . . . . Combat Hostiles . | . . . . Parts Melted . | . . . . Heat Transferred 150 | . 100 . 50 Parts Sabotaged . | . . . . Parts Stolen . | . . . . Parts Stripped . | . . . . Power Chain Reactions 2 | . 1 . 1 Alert | -11 -10 -10 -9 ------- Run | Yrd Mat Min Mat Maximum Alert Level . | . . . . Low Security (%) 100 | 100 100 100 100 Level 1 . | . . . . Level 2 . | . . . . Level 3 . | . . . . Level 4 . | . . . . Level 5 . | . . . . High Security . | . . . . Max Security . | . . . . Peak Influence 109 | . 63 96 109 Initial 33 | . . 4 33 Average 31 | . 19 38 62 Influence Increases 315 | . 73 106 136 Destroy 0b10 Robot/C 140 | . 40 40 60 Destroy 0b10 Robot/NC 20 | . 5 15 . Destroy Leader 30 | . 10 10 10 Disable Machine 60 | . 15 15 30 Destroy Structure 65 | . 3 26 36 Influence Decreases 206 | . 60 33 113 Entered New Map 62 | . . 9 53 Time Decay 144 | . 60 24 60 Squads Dispatched 2 | . 1 . 1 Investigation . | . . . . Extermination . | . . . . Reinforcement 2 | . 1 . 1 Assault . | . . . . Garrison . | . . . . Intercept . | . . . . Searches Triggered . | . . . . Construction Impeded . | . . . . Haulers Reinforced . | . . . . Active Scanning Responses . | . . . . Cargo Convoy Interrupts . | . . . . Stealth | -11 -10 -10 -9 --------- Run | Yrd Mat Min Mat Distress Signals 1 | . 1 . . Communications Jammed . | . . . . Distress Signals . | . . . . Times Spotted 16 | . 6 2 8 Peak Tracking Total 4 | . 3 2 4 Tactical Retreats . | . . . . Traps | -11 -10 -10 -9 ------- Run | Yrd Mat Min Mat Traps Triggered . | . . . . Indirectly . | . . . . Trap Hack Attempts . | . . . . Triggered . | . . . . Disarmed . | . . . . Reprogrammed . | . . . . Reused . | . . . . Traps Extracted . | . . . . Installed . | . . . . Triggered . | . . . . Machines | -11 -10 -10 -9 ---------- Run | Yrd Mat Min Mat Machines Disabled 4 | . 1 1 2 Max in Single Turn 1 | . 1 1 1 Machines Repaired . | . . . . Machines Dismantled . | . . . . Machines Sabotaged . | . . . . Overloaded Fab Kills . | . . . . Hacking | -11 -10 -10 -9 --------- Run | Yrd Mat Min Mat Machines Accessed 1 | . 1 . . Terminals 1 | . 1 . . Fabricators . | . . . . Repair Stations . | . . . . Recycling Units . | . . . . Scanalyzers . | . . . . Garrison Access . | . . . . Total Hacks 2 | . 2 . . Successful 1 | . 1 . . Failed 1 | . 1 . . Catastrophic . | . . . . Database Lockouts . | . . . . Manual 2 | . 2 . . Terminals 2 | . 2 . . Fabricators . | . . . . Repair Stations . | . . . . Recycling Units . | . . . . Scanalyzers . | . . . . Garrison Access . | . . . . Terminal Hacks 1 | . 1 . . Record 1 | . 1 . . Fabricator Hacks . | . . . . Repair Station Hacks . | . . . . Recycling Unit Hacks . | . . . . Scanalyzer . | . . . . Garrison Access Hacks . | . . . . Unauthorized Hacks . | . . . . Terminals . | . . . . Fabricators . | . . . . Repair Stations . | . . . . Recycling Units . | . . . . Scanalyzers . | . . . . Garrison Access . | . . . . Data Cores Recovered . | . . . . Used . | . . . . Hacking Detections . | . . . . Full Trace Events . | . . . . Feedback Events . | . . . . Feedback Blocked . | . . . . Robot Schematics Acquired . | . . . . Robots Built . | . . . . Authchips . | . . . . Time . | . . . . Total Robot Build Rating . | . . . . Part Schematics Acquired . | . . . . Parts Built . | . . . . Authchips . | . . . . Time . | . . . . Total Part Build Rating . | . . . . Part Studies Acquired . | . . . . Parts Repaired . | . . . . Time . | . . . . Parts Recycled . | . . . . Recycled Matter . | . . . . Retrieved Matter . | . . . . Retrieved Components . | . . . . Parts Scanalyzed . | . . . . Part Schematics Acquired . | . . . . Parts Damaged . | . . . . Bothacking | -11 -10 -10 -9 ------------ Run | Yrd Mat Min Mat Used RIF Installer . | . . . . Robots Hacked . | . . . . Non-combat . | . . . . Combat . | . . . . Robot Hacks Applied . | . . . . Relay Couplers Released . | . . . . Fabnet Peak Effective % . | . . . . Robots Rewired . | . . . . Allies Hacked . | . . . . Hacks Repelled . | . . . . Allies | -11 -10 -10 -9 -------- Run | Yrd Mat Min Mat Total Allies . | . . . . Largest Group . | . . . . Highest-Rated Group . | . . . . Highest-Rated Ally . | . . . . Total Orders . | . . . . Ally Attacks . | . . . . Total Damage . | . . . . Kills . | . . . . Allies Corrupted . | . . . . Allies Melted . | . . . . Intel | -11 -10 -10 -9 ------- Run | Yrd Mat Min Mat Active Infowar (turns) . | . . . . Robot Analysis Total . | . . . . Derelict Logs Recovered . | . . . . Drone Launches . | . . . . Drone Recoveries . | . . . . Exploration | -11 -10 -10 -9 ------------- Run | Yrd Mat Min Mat Turns Passed 496 | 59 225 75 137 Spaces Moved 271 | 44 93 44 90 Core 3 | 3 . . . Treads . | . . . . Legs 268 | 41 93 44 90 Wheels . | . . . . Hover . | . . . . Flight . | . . . . Fastest Speed 50 | 50 120 120 120 Average Speed 119 | 115 120 120 120 Slowest Speed 120 | 120 120 120 120 Overloaded Moves . | . . . . Propulsion Burnouts . | . . . . Robots Hopped . | . . . . Potential Cave-ins . | . . . . Cave-ins Triggered . | . . . . Exploration Rate (%) 10 | 3 15 10 12 Regions Visited 3 Branch Regions 1 Pre-discovered Areas . | . . . . Known Exits Taken . | . . . . Unknown Exits Taken 3 | 1 1 1 . Scrap Searched . | . . . . Spaces Dug . | . . . . Terrain Destroyed 96 | . 2 55 39 Melee . | . . . . Projectile . | . . . . AOE 96 | . 2 55 39 Terrain Rammed . | . . . . Walls Destroyed . | . . . . Machines Disabled . | . . . . Actions | -11 -10 -10 -9 --------- Run | Yrd Mat Min Mat Total 399 | 49 195 52 103 Wait 95 | . 95 . . Move 268 | 43 92 43 90 Hop . | . . . . Pick Up 1 | . 1 . . Fast Attach 8 | 6 1 . 1 Attach . | . . . . Detach . | . . . . Swap 8 | . 1 1 6 Drop 1 | . . 1 . Fire 18 | . 5 7 6 Melee . | . . . . Ram . | . . . . Kick . | . . . . Crush . | . . . . Escape Stasis . | . . . . Rewire . | . . . . Trap . | . . . . Miscellaneous . | . . . . Route ------- -11/Scrapyard -10/Materials -10/Mines -9/Materials History --------- Turn | Location | Event 4 | -11/Scrapyard | Discovered new exit (range 15) 60 | -11/Scrapyard | Entered Materials 270 | -10/Materials | Discovered new exit (range 12) 285 | -10/Materials | Entered Mines 297 | -10/Mines | Met a Derelict bent on vengeance 304 | -10/Mines | Build established: Mutant 343 | -10/Mines | Discovered new exit (range 15) 360 | -10/Mines | Entered Materials 360 | -9/Materials | Evolved 2 slots: Power x1, Propulsion x1 497 | -9/Materials | Self-destructed Last Messages --------------- [Achievement: Use The Force] Acquired Shock Rifle. U-05 Engineer builds a Wall. Acquired Shock Rifle. U-05 Engineer lays Concrete. Acquired Carbon-fiber Leg. U-05 Engineer builds a Wall. U-05 Engineer lays Concrete. U-05 Engineer builds a Wall. U-05 Engineer lays Concrete. U-05 Engineer builds a Wall. The unstable cave ceiling collapses. Acquired Targeting Computer. U-05 Engineer lays Concrete. Acquired Targeting Computer. U-05 Engineer builds a Wall. Chain reaction triggered in Imp. Ion Engine. Y-45 Defender destroyed. Recycling Unit disabled. Reactive Plating tumbles out of recycling unit. Map ----- +----------------------------------------------------+ | ?????????????????????????????????????????????????? | | ?????????????????????????????????????????????????? | | ?????????????????????????????????????????????????? | | ?????????????????????????????????????????????????? | | ?????????????????????????????????????????????????? | | ?????????????????????????????????????????????????? | | ?????????????????????????????????????????????????? | | ?????????????????????????????????????????????????? | | ?????????????????????????????????????????????????? | | ?????????????????????????????????????????????????? | | ?????????????????????????????????????????????????? | | ?????????????????????????????????????????????????? | | ?????????????????????????????????????????????????? | | ?????????????????????????????????????????????????? | | ?????????????????????????????????????????????????? | | ????????????????????######???????????????????????? | | ????????????????????# ???????????????????????? | | ????????????????????# /| #?????? ???????????????? | | ???????????????????## !| #?????? ??????????????? | | ???????????????????? ! #?#####?+######????????? | | ????????????????????# # ? #????????? | | ????????????????????# so/ ?? #????????? | | ????????????????????# #s ? ?? ##???????? | | ????????????????????# ss; ######### #???????? | | ????????????????????# "" %; # # #???????? | | ????????????????????# "Y[@; # " # #???????? | | ????????????????????# " =# # "" # #########? | | ????????????????????# # # "" + # ?? | | ????????????????????##### #[ == # # ??? | | ????????????????????????# # ## # # """""""? | | ????????????????????##### # ### ### # """"""" | | ????????????????????# # # ][## + """"""" | | ????????????????????# # # ## [[## # """"""" | | ????????????????????#!!! # #### ## # """"""" | | ????????????????????#!!! + =## # | | ????????????????????#!!! # ==## ####+##### | | ????????????????????# # ==## #??# # | | ????????????????????# # ###### #??# # """ | | ????????????????????####### #????# #??# # """ | | ??????????????????????????# #?#### #### # """ | | ??????????????????????????# #? ||# # | | ??????????????????????????# # | # + """ | | ??????????????????????????# # # # """ | | ??????????????????????????# + # ###### """ | | ?????????????????????######+#### # #????# | | ?????????????????????# # #####????# | | ?????????????????????# === #? #????????# | | ?????????????????????# === #? #????????##### | | ?????????????????????# === #?? #????????????? | | ?????????????????????###########??###????????????? | +----------------------------------------------------+ Best States ------------- Heat Dissipation 28 Energy Generation 10 Energy Capacity 250 Matter Stores 300 Matter Capacity 300 Sight Range 16 Terrain Scan Density 10 Evasion (%) 55 Targeting Accuracy 10 Item Schematics ----------------- None Robot Schematics ------------------ None Fabricated ------------ Nothing Repaired ---------- Nothing Studied --------- None Alien Tech Used ----------------- None Achievements -------------- Use The Force Challenges ------------ None Game ------ Seed SignalDisposableFlamer Manual? 0 Play Time 00:20:27 Cumulative 7.1 hours Start 2026.07.30 @ 17:35:47 End 2026.08.01 @ 17:19:48 Sessions 1 Manual Loads 0 Difficulty Rogue Special Mode None Game No. 12 Rogue 12 Adventurer 0 Explorer 0 Win Type - Total 0 Types 0/0/0/0/0/0/0/0/0/0 Lore% 14 Gallery% 7 Achievement% 9 Wizard Run 0 Options --------- Layout 0 ASCII 0 Keyboard 0 Movement Vi Keybinds 0 Fullscreen 1 Font 18/SmallcapsGlow Map View 76x50 Zoom Use 0% Tactical HUD 0 Map Filters NONE Filters NONE Steam 1 RUN: 80f6ac46-7d98-4201-b358-05558b629a8a